AoeStats
← Sarcoptes scabiei

Arabia

505988212Analyzed
2v2 RM · 19d ago on Sep 11, 2026· 52m 24s· 4 players
Game mode
Random Map
Map size
Medium (4 player)
Population
200
Speed
Normal
Resources
Standard
Victory
Conquest
Starting age
Dark Age
Ending age
Imperial Age
RankedLock teamsTeams togetherTeam positionsShared explorationLock speedFull tech treeHidden civsTurbo modeCheats
Victory
Defeat
🇨🇴 Maya · Colombia
1039
+15
🇨🇴 Burgundians · Colombia
1038
+15
🇦🇷 Khmer · Argentina
1066
-17
🇦🇷 Italians · Argentina
978
-13
Sarcoptes scabiei
9:32 Feudal Age
15:35 Double-Bit Axe
19:05 Castle Age
25:08 Scale Barding Armor
24:54 Fletching
25:52 Elite Skirmisher
27:34 Wheelbarrow
26:46 Horse Collar
27:43 Padded Archer Armor
31:28 Gold Mining
31:28 Stone Mining
33:06 Hand Cart
33:08 Pikeman
34:38 Stone Shaft Mining
35:17 Bodkin Arrow
35:38 Leather Archer Armor
37:38 Forging
38:43 Bow Saw
38:39 Heavy Plow
38:35 Loom
39:21 Bloodlines
39:11 Husbandry
42:55 Chain Barding Armor
42:00 Man-at-Arms
42:48 Long Swordsman
45:47 Ballistics
45:39 Thumb Ring
50:59 Imperial Age
PWLG | Fabro
6:10 Loom
9:26 Feudal Age
11:55 Double-Bit Axe
21:20 Castle Age
20:03 Horse Collar
20:40 Bloodlines
20:49 Gold Mining
22:11 Wheelbarrow
22:22 Bow Saw
24:10 Husbandry
25:28 Forging
25:26 Scale Barding Armor
27:23 Iron Casting
29:17 Chain Barding Armor
33:21 Fletching
35:09 Heavy Plow
36:06 Gold Shaft Mining
35:51 Bodkin Arrow
37:10 Stone Mining
37:38 Pikeman
ST3V3N
5:50 Loom
9:00 Feudal Age
11:18 Double-Bit Axe
11:14 Horse Collar
18:10 Wheelbarrow
23:01 Castle Age
22:05 Wheelbarrow
22:28 Forging
22:25 Scale Barding Armor
22:36 Bow Saw
22:30 Heavy Plow
23:03 Cavalier
23:44 Husbandry
26:45 Iron Casting
29:59 Pikeman
31:09 Scale Mail Armor
33:59 Gold Mining
35:51 Squires
37:43 Chain Barding Armor
44:31 Imperial Age
43:56 Chain Mail Armor
45:44 Paladin
47:08 Fletching
49:11 Plate Barding Armor
51:18 Gold Shaft Mining
51:15 Crop Rotation
[MK5]EN.DIABLADO
0:26 Loom
9:32 Feudal Age
10:09 Double-Bit Axe
14:55 Horse Collar
21:56 Castle Age
20:35 Gold Mining
20:47 Padded Archer Armor
23:06 Crossbowman
23:40 Fletching
23:54 Eagle Warrior
25:37 Bow Saw
25:29 Heavy Plow
25:50 Pikeman
29:18 Bodkin Arrow
30:07 Scale Mail Armor
38:15 Imperial Age
37:13 Chain Mail Armor
37:08 Forging
37:13 Chain Mail Armor
39:23 Conscription
40:06 Wheelbarrow
39:10 Elite Eagle Warrior
40:55 Squires
42:20 Holcans
43:21 Hand Cart
43:47 Halberdier
44:22 Onager
46:40 Plate Mail Armor
46:45 Iron Casting
48:27 Heated Shot
48:57 Ballistics
53:32 Two-Man Saw
Connection lost

Rejoining the realm…

Still unreachable

The connection could not be restored.

Session expired

The server has moved on; the page needs a fresh start.